Unix NetHack Version 5.0.0-0 post-release - last build Jul 14 2026 02:55:29 (1809b74e8187c3a3585e283601c3028b46cbbdcb,branch:main).

Game began 2026-07-17 22:50:32, ended 2026-07-17 23:00:06.

CheBegorr4h, neutral male human Tourist

                                                                         -----
                                                                         ....|
                                                                         |...|
                                                                       ##....|
                                                                       # |...|
                                                                     ### |...|
                                                                     #   |...|
                                                         --------    #   -----
                                                ...--    |......| #%##
                                                |.r@. ## |..<...| #
                                                ..$.+####|......-##
                                                |..`|  ##-......|
                                                .*..|   #|......|
                                                ---+-    --------

CheBegorr4h the Sightseer   St:13 Dx:9 Co:18 In:12 Wi:10 Ch:14  Neutral
Dlvl:4  $:332 HP:0(31) Pw:16(16) AC:11 Xp:4 T:1183 

Latest messages:
 The dart hits the rock piercer!
 You miss the rock piercer.
 You miss the rock piercer.
 You miss the rock piercer.
 The rock piercer bites!
 You miss the rock piercer.
 You hit the rock piercer!
 You kill the rock piercer!
 a - a +2 dart (at the ready) (31 in total).
 You see here a rock piercer corpse.
 You kill the acid blob!
 L - a cloudy potion.
 The door resists!
 The door resists!
 The door opens.
 Ouch!  You bump into a door.
 The rock mole bites!
 You miss the rock mole.
 You miss the rock mole.
 You miss the rock mole.
 You miss the rabid rat.
 The rabid rat bites!
 In what direction? h
 The dart misses the rabid rat.
 The rabid rat bites!
 In what direction? h
 The dart hits the rabid rat.
 The rabid rat bites!
 In what direction? <esc>
 Please move the cursor to a monster, object or location.
 (For instructions type a '?')
 @        a human or elf (human tourist called CheBegorr4h)
 Pick a monster, object or location.
 Please move the cursor to a monster, object or location.
 (For instructions type a '?')
 What do you want to drink? [gmovL or ?*] ?
 You feel much better.
 The rabid rat bites!
 In what direction? h
 The dart hits the rabid rat.
 The rabid rat bites!
 In what direction? h
 The dart hits the rabid rat.
 The rabid rat bites!
 In what direction? h
 The dart hits the rabid rat.
 The rabid rat bites!
 The rabid rat's bite was poisoned!
 You die...
 Do you want your possessions identified? [ynq] (y) q

Inventory:
 Coins    ('$')
  $ - 332 gold pieces
 Weapons  (')')
  a - 26 +2 darts (at the ready)
  q - 11 +0 darts
  C - a +0 two-handed sword (weapon in hands)
 Armor    ('[')
  F - an uncursed +0 orcish helm (being worn)
  u - a cursed -2 dwarvish cloak (being worn)
  i - an uncursed +0 Hawaiian shirt with a hibiscus flower motif (being worn)
 Comestibles  ('%')
  f - an uncursed carrot
  c - 5 uncursed food rations
  d - an uncursed fortune cookie
  b - 3 uncursed tripe rations
  k - an uncursed tin of pickled newt meat
 Scrolls  ('?')
  l - an uncursed scroll of create monster named ok
  h - 5 uncursed scrolls of magic mapping
 Spellbooks  ('+')
  G - an uncursed spellbook of detect monsters
 Potions  ('!')
  g - an uncursed potion of extra healing
  o - an uncursed potion of fruit juice
  L - an uncursed potion of gain ability
  v - an uncursed potion of gain energy
  m - an uncursed potion of healing
 Rings    ('=')
  n - a cursed -1 ring of protection named cursed
  t - an uncursed ring of regeneration
  y - a cursed ring of teleportation (on right hand)
 Wands    ('/')
  H - a wand of digging (0:6)
 Tools    ('(')
  e - an uncursed credit card
  j - an expensive camera (0:59)
  x - an uncursed magic whistle
  p - a cursed tin opener
 Gems/Stones  ('*')
  I - an uncursed flint stone

CheBegorr4h the Tourist's attributes:

Background:
 You were a Sightseer, a level 4 male human Tourist.
 You were neutral, nominally on a mission for The Lady
 who was opposed by Blind Io (lawful) and Offler (chaotic).
 You were left-handed.
 You were in the Dungeons of Doom, on level 4.
 You entered the dungeon 1183 turns ago.
 It was nighttime.
 There was a new moon in effect when your adventure ended.
 You had 120 experience points, 40 more were needed to attain level 5.

Basics:
 You had 0 out of 31 hit points.
 You had all 16 energy points (spell power).
 Your armor class was 11.
 Your wallet contained 332 zorkmids.
 Autopickup was on for '$!/(' plus thrown, with exceptions.

Final Characteristics:
 Your strength was 13 (limit:18/100).
 Your dexterity was 9 (limit:18).
 Your constitution was 18 (limit:18).
 Your intelligence was 12 (limit:18).
 Your wisdom was 10 (limit:18).
 Your charisma was 14 (limit:18).

Final Status:
 You weren't hungry.
 You were unencumbered.
 You were wielding a two-handed sword.
 You had basic skill with two-handed sword.

Final Attributes:
 You were devoutly aligned.
 Your items were somewhat protected from fire.
 Your items were somewhat protected from cold.
 You could teleport.
 You were warded.
 You are dead.

Miscellaneous:
 You didn't encounter any bones levels.
 Total elapsed playing time was 9 minutes and 33 seconds.

Major events:
 Turn
    1: CheBegorr4h the neutral male human Tourist entered the dungeon
  658: attained the rank of Sightseer (level 3)
 1183: killed by a rabid rat

You didn't know any spells.

Skills:
 Fighting Skills
   bare handed combat [Unskilled]
   two weapon combat  [Unskilled]
   riding             [Unskilled]
 Weapon Skills
   dagger             [Unskilled]
   knife              [Unskilled]
   axe                [Unskilled]
   pick-axe           [Unskilled]
   short sword        [Unskilled]
   broadsword         [Unskilled]
   long sword         [Unskilled]
   two-handed sword   [Basic]
   saber              [Unskilled]
   mace               [Unskilled]
   morning star       [Unskilled]
   flail              [Unskilled]
   hammer             [Unskilled]
   quarterstaff       [Unskilled]
   polearms           [Unskilled]
   spear              [Unskilled]
   trident            [Unskilled]
   lance              [Unskilled]
   bow                [Unskilled]
   sling              [Unskilled]
   crossbow           [Unskilled]
   dart               [Basic]
   shuriken           [Unskilled]
   boomerang          [Unskilled]
   whip               [Unskilled]
   unicorn horn       [Unskilled]
 Spellcasting Skills
   divination spells  [Unskilled]
   enchantment spells [Unskilled]
   escape spells      [Unskilled]

Voluntary challenges:
 Character rerolling was not enabled.
 You followed a strict vegan diet.
 You were an atheist.
 You never genocided any monsters.
 You never polymorphed an object.
 You never changed form.
 You used no wishes.
Achievements:
 You entered a shop.
 You attained the rank of Sightseer.

 The Dungeons of Doom: levels 1 to 4
    Level 1:
       A fountain, a grave.
    Level 2:
       A general store, an altar.
    Level 3:
       Many altars.
    Level 4: <- You were here.
       Final resting place for
          you, killed by a rabid rat.


Vanquished creatures:
  a rock piercer
  2 shriekers
  a kitten
  a dwarf zombie
 an iguana
 an acid blob
  2 manes
  a giant rat
  a brown mold
  a gnome zombie
  4 jackals
  2 kobolds
  2 goblins
  2 grid bugs
  2 bats
  2 lichens
  3 kobold zombies
  3 newts
32 creatures vanquished.

No species were genocided or became extinct.

Game over:
                       ----------
                      /          \
                     /    REST    \
                    /      IN      \
                   /     PEACE      \
                  /                  \
                  |   CheBegorr4h    |
                  |      332 Au      |
                  |   killed by a    |
                  |    rabid rat     |
                  |                  |
                  |                  |
                  |       2026       |
                 *|     *  *  *      | *
        _________)/\\_//(\/(/\)/\//\/|_)_______

Aloha CheBegorr4h the Tourist...

You died in The Dungeons of Doom on dungeon level 4 with 670 points,
and 332 pieces of gold, after 1183 moves.
You were level 4 with a maximum of 31 hit points when you died.

